 Dungeon Crawl Stone Soup version 0.21.0-3-g78d12a8 (webtiles) character file.

2002 asthiss the Blocker (level 9, -10/81 HPs)
             Began as a Minotaur Fighter on Jan 14, 2018.
             Mangled by a two-headed ogre
             ... wielding a +0 giant club
              (17 damage)
             ... on level 6 of the Dungeon.
             The game lasted 00:18:07 (4460 turns).

asthiss the Blocker (Minotaur Fighter)              Turns: 4460, Time: 00:18:08

Health: -10/81     AC: 12    Str: 29    XL:     9   Next: 2%
Magic:  8/8        EV:  8    Int:  5    God:
Gold:   231        SH: 12    Dex: 10    Spells: 8/8 levels left

rFire    . . .     SeeInvis .   a - +0 long sword
rCold    + . .     Gourm    .   c - +0 shield
rNeg     + + .     Faith    .   j - +3 scale mail {rC+}
rPois    .         Spirit   .   (helmet restricted)
rElec    .         Reflect  .   (no cloak)
rCorr    .         Harm     .   o - +0 pair of gloves
MR       .....                  (no boots)
Stlth    ..........             (no amulet)
HPRegen  0.23/turn              h - ring of positive energy
MPRegen  0.11/turn              e - ring of positive energy

@: mighty
A: retaliatory headbutt, horns 2
a: no special abilities


You were on level 6 of the Dungeon.
You were not hungry.

You visited 1 branch of the dungeon, and saw 7 of its levels.
You also visited: Sewer.

You collected 231 gold pieces.

Inventory:

Hand Weapons
 a - a +0 long sword (weapon)
Armour
 b - a +1 scale mail
 c - a +0 shield (worn)
 j - a +3 scale mail of cold resistance (worn)
 o - a +0 pair of gloves (worn)
Jewellery
 e - a ring of positive energy (right hand)
 h - a ring of positive energy (left hand)
Wands
 m - a wand of digging (12)
 n - a wand of iceblast (8)
 r - a wand of flame (38)
 t - a wand of paralysis (7)
Scrolls
 g - 3 scrolls of identify
 i - 2 scrolls of teleportation
 s - a scroll of fog
Potions
 l - 2 potions of might
 p - a potion of flight
Books
 d - a book of Flames

   Spells                             Type                      Level
   a - Flame Tongue                   Conjuration/Fire             1
   b - Throw Flame                    Conjuration/Fire             2
   c - Conjure Flame                  Conjuration/Fire             3
   d - Inner Flame                    Hexes/Fire                   3
   e - Sticky Flame                   Conjuration/Fire             4
   f - Fireball                       Conjuration/Fire             5
 k - a book of Necromancy

   Spells                             Type                      Level
   a - Pain                           Necromancy                   1
   b - Animate Skeleton               Necromancy                   1
   c - Vampiric Draining              Necromancy                   3
   d - Regeneration                   Charms/Necromancy            3
   e - Animate Dead                   Necromancy                   4
   f - Borgnjor's Vile Clutch         Necromancy/Earth             5
Comestibles
 f - 11 rations


   Skills:
 + Level 7.9 Fighting
 + Level 7.4 Long Blades
 + Level 7.9 Armour
 + Level 8.0 Shields


You had 8 spell levels left.
You didn't know any spells.

Dungeon Overview and Level Annotations

Branches:
Dungeon (7/15)
 Temple: D:4-7

Altars:


Innate Abilities, Weirdness & Mutations

You reflexively headbutt those who attack you in melee.
You have a pair of horns on your head.


Message History

The two-headed ogre hits you with a giant club.
* * * LOW HITPOINT WARNING * * *
You are starting to lose your buoyancy.
There is a stone staircase leading up here.
You can't go down here!
You block the two-headed ogre's attack. The two-headed ogre closely misses you.
You fly upwards.
There is a stone staircase leading down here.
You feel very mighty all of a sudden.
The two-headed ogre hits you with a giant club!
* * * LOW HITPOINT WARNING * * *
The two-headed ogre hits you with a giant club.
* * * LOW HITPOINT WARNING * * *
You feel better.
You float gracefully downwards.
You slash the two-headed ogre! You headbutt the two-headed ogre!
The two-headed ogre is heavily wounded.
The two-headed ogre hits you with a giant club.
* * * LOW HITPOINT WARNING * * *
The two-headed ogre hits you with a giant club!
You die...

...'..............#
####..............#
.....#######......#
.....# #......#
.....# #......#
.....# #......#
.....# #......#
.....# #....O.#
.....#######....@.#
#####......########
....#......#
....#.[....#
....#...)..#
....#....รทรท#
....'......######
#####...........##
#.......#######..#


You could see a two-headed ogre.

Vanquished Creatures
  A hippogriff (D:2)
  Eustachio (D:6)
  Duvessa (D:4)
  An ice beast (D:6)
  3 ogres
  A centaur (D:7)
  A big kobold (Sewer)
  4 bullfrogs (D:6)
  Dowan (D:4)
  3 scorpions
  A vampire bat (D:3)
  5 crimson imps
  A bullfrog zombie (D:6)
  A hound (D:6)
  An orc wizard (D:4)
  A centaur skeleton (D:7)
  Ijyb (D:4)
  A worker ant (D:5)
  Robin (D:4)
  2 river rats (Sewer)
  7 adders
  An ooze (D:3)
  3 worms
  3 dart slugs
  4 leopard geckos
  12 orcs
  4 giant cockroaches
  13 goblins
  13 hobgoblins
  14 jackals
  4 quokkas
  A ball python (D:1)
  14 bats
  5 frilled lizards
  A jackal zombie (D:5)
  7 kobolds
  10 rats
148 creatures vanquished.

Notes
Turn   | Place    | Note
-------+----------+-------------------------------------------
     0 | D:1      | asthiss the Minotaur Fighter began the quest for the Orb.
     0 | D:1      | Reached XP level 1. HP: 19/19 MP: 0/0
    56 | D:1      | Reached XP level 2. HP: 22/27 MP: 1/1
   381 | D:1      | Reached skill level 4 in Shields
   469 | D:2      | Reached XP level 3. HP: 13/33 MP: 2/2
   832 | D:2      | Noticed a hippogriff
   842 | D:2      | Killed a hippogriff
   842 | D:2      | Reached skill level 5 in Fighting
   842 | D:2      | Reached skill level 5 in Armour
   842 | D:2      | Reached skill level 5 in Shields
   842 | D:2      | Reached XP level 4. HP: 21/42 MP: 3/3
   842 | D:2      | Reached XP level 5. HP: 24/48 MP: 4/4
  1147 | D:2      | Reached XP level 6. HP: 38/56 MP: 5/5
  2131 | D:4      | Noticed Duvessa
  2137 | D:4      | Noticed Dowan
  2157 | D:4      | Killed Duvessa
  2160 | D:4      | Reached skill level 5 in Long Blades
  2160 | D:4      | Reached XP level 7. HP: 31/62 MP: 6/6
  2168 | D:4      | Killed Dowan
  2633 | D:4      | Noticed Ijyb
  2641 | D:4      | Killed Ijyb
  2766 | D:4      | Noticed Robin
  2774 | D:4      | Reached skill level 6 in Shields
  2785 | D:4      | Killed Robin
  2832 | D:5      | Entered Level 5 of the Dungeon
  3126 | D:5      | Found a glowing drain.
  3137 | Sewer    | Entered a sewer
  3240 | Sewer    | Found a white marble altar of Elyvilon.
  3639 | D:6      | Reached XP level 8. HP: 46/71 MP: 7/7
  3697 | D:6      | Noticed Eustachio
  3710 | D:6      | Killed Eustachio
  3717 | D:6      | Reached skill level 7 in Shields
  4434 | D:7      | Noticed a two-headed ogre
  4435 | D:7      | Reached skill level 8 in Shields
  4435 | D:7      | Reached XP level 9. HP: 65/81 MP: 8/8
  4458 | D:6      | HP: 5/81 [two-headed ogre/giant club (5)]
  4460 | D:6      | Mangled by a two-headed ogre

Skill      XL: |  1  2  3  4  5  6  7  8 |
---------------+-------------------------+-----
Armour         | 4 5 6 7 |  7.9
Fighting       | 4 5 6 7 |  7.9
Shields        | 4 5 6 8 |  8.0
Long Blades    | 3 4 5 6 7 |  7.4

Action                   |  1- 3 |  4- 6 |  7- 9 || total
-------------------------+-------+-------+-------++-------
Melee: Long sword        |    79 |   125 |   240 ||   444
       Headbutt          |     6 |    23 |    50 ||    79
  Use: Scroll            |     3 |     6 |     2 ||    11
       Potion            |     6 |       |     5 ||    11
  Eat: Chunk             |       |     4 |     8 ||    12
Armor: Scale mail        |    41 |    68 |    87 ||   196
Dodge: Dodged            |    28 |    51 |    72 ||   151
Block: Shield            |    43 |    88 |   149 ||   280
       Rpst.: Long sword |     8 |    11 |    18 ||    37
